 Dungeon Crawl Stone Soup version 0.26-a0-652-gafc20e3620 (webtiles) character file.

Game seed: 7085985157640816362

783 mordus the Poker (level 7, -4/52 HPs)
             Began as a Demonspawn Fighter on Oct 2, 2020.
             Was an Initiate of Yredelemnul.
             Killed from afar by an orc wizard (9 damage)
             ... with a magic dart
             ... on level 5 of the Dungeon.
             The game lasted 00:10:22 (4256 turns).

mordus the Poker (Demonspawn Fighter)               Turns: 4256, Time: 00:10:22

Health: -4/52      AC: 16    Str: 18    XL:     7   Next: 55%
Magic:  7/7        EV:  5    Int:  9    God:    Yredelemnul [......]
Gold:   294        SH: 14    Dex: 13    Spells: 6/6 levels left

rFire    . . .     SeeInvis .   a - +0 trident
rCold    . . .     Faith    .   c - +0 kite shield
rNeg     . . .     Spirit   .   p - +0 chain mail
rPois    .         Reflect  +   (helmet restricted)
rElec    .         Harm     .   t - +2 cloak
rCorr    .         Rampage  .   q - +0 pair of gloves
MR       +....                  (no boots)
Stlth    ..........             y - amulet of reflection
HPRegen  0.17/turn              e - ring of protection from magic
MPRegen  0.10/turn              g - ring of flight

@: no status effects
A: horns 2, thin metallic scales 1, powered by pain 1
a: Renounce Religion, Evoke Flight


You were on level 5 of the Dungeon.
You worshipped Yredelemnul.
Yredelemnul was noncommittal.
You visited 2 branches of the dungeon, and saw 6 of its levels.

You collected 294 gold pieces.

Inventory:

Hand Weapons
 a - a +0 trident (weapon)
Missiles
 v - 6 datura-tipped darts (quivered)
Armour
 b - a +0 scale mail
 c - a +0 kite shield (worn)
 p - a +0 chain mail (worn)
 q - a +0 pair of gloves (worn)
 t - a +2 cloak (worn)
Jewellery
 e - a ring of protection from magic (left hand)
 g - a ring of flight (right hand)
 y - an amulet of reflection (around neck)
Scrolls
 f - 6 scrolls of identify {unknown}
 k - a scroll of amnesia {unknown}
 m - 2 scrolls of blinking {unknown}
 n - a scroll of remove curse {unknown}
 r - a scroll of magic mapping {unknown}
 x - a scroll of immolation {unknown}
 z - a scroll of enchant weapon {unknown}
Potions
 d - a potion of might
 h - a potion of mutation {unknown}
 i - 2 potions of degeneration {unknown}
 j - 2 potions of curing
 l - a potion of berserk rage {unknown}
 o - a potion of cancellation {unknown}
 s - 2 potions of heal wounds {unknown}
 u - a potion of stabbing {unknown}
 w - a potion of brilliance {unknown}


   Skills:
 - Level 3.0 Fighting
 * Level 5.7 Polearms
 + Level 4.6 Armour
 + Level 4.6 Shields


You had 6 spell levels left.
You didn't know any spells.
Your spell library was empty.

Dungeon Overview and Level Annotations

Branches:
Dungeon (5/15)             Temple (1/1) D:5

Altars:
Cheibriados
Dithmenos
Elyvilon
Fedhas
Gozag
Hepliaklqana
Kikubaaqudgha
Makhleb
Nemelex Xobeh
Okawaru
Qazlal
Ru
Sif Muna
Trog
Uskayaw
Vehumet
Wu Jian
Xom
Yredelemnul
Zin
The Shining One
Beogh

Shops:
D:4 :


Innate Abilities, Weirdness & Mutations

You have a pair of horns on your head.
You are partially covered in thin metallic scales. (AC +2)
You sometimes gain a little power by taking damage.


Message History

* * * LOW HITPOINT WARNING * * *
Found a brass wand.
A ball python comes into view.
The ball python hisses angrily.
You are too injured to fight recklessly!
Attack whom?
Press: ? - help, Dir - move target cursor, f - orc wizard
Aim: an orc wizard, wielding a +0 dagger and wearing a cursed +0 robe (severely wounded)
You reach to attack!
You closely miss the orc wizard.
The orc wizard is severely wounded.
Attack whom?
Press: ? - help, Dir - move target cursor, f/p - orc wizard
Aim: an orc wizard, wielding a +0 dagger and wearing a cursed +0 robe (severely wounded)
You hit the orc wizard but do no damage.
Your headbutt misses the orc wizard.
The orc wizard is severely wounded.
The orc wizard points at you and mumbles some strange words.
The magic dart hits you!
You die...
Your body rises from the dead as a mindless zombie.

#.## ## #..## ## ... ##..#
###..[... ##.##.....#.# #.
#....# ./. < #.. ##..####.#
.## ... #.....S.#### ..# ...
#.###o.....# #.##.. #. #.#
##@###.# #.... . #. #o# ###
#.# ###.#.# .. #. ####.#
#.####..<#.#
..##.##....########......#...#
.....#o#####....≈≈..######..#
#..#.#####.######..# #..#
#§.o.##..÷.# ##..# #..#
#......>#### #.# #.##
#o.##....#### .# #.#


You could see an orc wizard and a ball python.

Vanquished Creatures
  A sky beast (D:5)
  A centaur (D:5)
  Blork the orc (D:4)
  2 scorpions (D:4)
  4 orc priests
  A hound (D:4)
  3 orc wizards (D:3)
  2 worker ants
  2 adders (D:2)
  A shadow imp (D:5)
  An ufetubus (D:5)
  3 oozes
  4 worms
  2 leopard geckos
  19 orcs
  4 giant cockroaches (D:3)
  11 goblins
  5 hobgoblins
  6 jackals (D:2)
  12 kobolds
  3 quokkas
  8 bats
  4 frilled lizards
  A quokka zombie (D:5)
  10 rats
111 creatures vanquished.

Notes
Turn   | Place    | Note
-------+----------+-------------------------------------------
     0 | D:1      | mordus the Demonspawn Fighter began the quest for the Orb.
     0 | D:1      | Reached XP level 1. HP: 18/18 MP: 1/1
   175 | D:1      | Reached skill level 2 in Polearms
   417 | D:1      | Gained mutation: You have a pair of small horns on your
                  | head. [demonic ancestry]
   417 | D:1      | Reached XP level 2. HP: 23/24 MP: 2/2
   816 | D:2      | Reached XP level 3. HP: 29/29 MP: 3/3
  1382 | D:2      | Reached skill level 3 in Polearms
  1416 | D:2      | Gained mutation: You have a pair of horns on your head.
                  | [demonic ancestry]
  1416 | D:2      | Reached XP level 4. HP: 16/35 MP: 4/4
  2290 | D:3      | Found a roughly hewn altar of Beogh.
  2301 | D:3      | Gained mutation: You are partially covered in thin metallic
                  | scales. (AC +2) [demonic ancestry]
  2301 | D:3      | Reached XP level 5. HP: 41/41 MP: 5/5
  2307 | D:3      | Reached skill level 4 in Polearms
  2493 | D:3      | You fall into a shaft and drop 2 floors!
  2493 | D:5      | Entered Level 5 of the Dungeon
  2519 | D:4      | Noticed Blork the orc
  2527 | D:4      | Killed Blork the orc
  2527 | D:4      | Gained mutation: You sometimes gain a little power by
                  | taking damage. [demonic ancestry]
  2527 | D:4      | Reached XP level 6. HP: 42/47 MP: 6/6
  3621 | D:4      | Reached skill level 5 in Polearms
  3647 | D:4      | Reached XP level 7. HP: 50/52 MP: 7/7
  3756 | D:4      | Found Visemmeg's Book Emporium.
  3966 | D:5      | Found a staircase to the Ecumenical Temple.
  4059 | Temple   | Entered the Ecumenical Temple
  4162 | Temple   | Became a worshipper of Yredelemnul the Dark
  4256 | D:5      | Killed from afar by an orc wizard

Illustrated notes

Levels and vault maps discovered:
D:1:      dpeg_arrival_boxorama, layout_loops_cross
D:2:      layout_loops_corners
D:3:      layout_loops_corners, grunt_decor_resistance, kennysheep_orc_chapel
D:4:      layout_rooms, serial_shops, kennysheep_mini, uniq_blork_the_orc
D:5:      layout_rooms, minmay_temple_entry_statues_pillars
Temple:   kilobyte_greek_temple

Skill      XL: |  1  2  3  4  5  6 |
---------------+-------------------+-----
Polearms       | 2 3 4 5 |  5.7
Armour         | 3 4 |  4.6
Shields        | 3 4 |  4.6
Fighting       | |  3.0

Action                   |  1- 3 |  4- 6 |  7- 9 || total
-------------------------+-------+-------+-------++-------
Melee: Trident           |   131 |   164 |    44 ||   339
       Headbutt          |    12 |    30 |     9 ||    51
Armor: Scale mail        |    40 |       |       ||    40
       Chain mail        |     1 |    67 |    19 ||    87
Dodge: Dodged            |    26 |    14 |     8 ||    48
Block: Kite shield       |    54 |    45 |    21 ||   120
       Reflection        |       |       |     1 ||     1

Table legend: (Time is in decaauts)
 A = Elapsed time spent in this place.
 B = Non-inter-level travel time spent in this place.
 C = Inter-level travel time spent in this place.
 D = Time resting spent in this place.
 E = Time spent auto-exploring this place.
 F = Levels seen in this place.
 G = Mean time per level.
                   A        B        C        D        E       F      G
               +--------+--------+--------+--------+--------+-----+--------+
         Total |   4338 |   4211 |    127 |    419 |   2914 |   6 |  723.0 |
       Dungeon |   4190 |   4063 |    127 |    419 |   2790 |   5 |  838.0 |
        Temple |    148 |    148 |      0 |      0 |    124 |   1 |  148.0 |
               +--------+--------+--------+--------+--------+-----+--------+

Top non-repeatable levels by time:
     D:2: 1404 daAuts
     D:3: 1323 daAuts
     D:1: 630 daAuts
     D:4: 611 daAuts
     D:5: 220 daAuts
  Temple: 148 daAuts
